AoeStats
← UncleRambo69

African Clearing

510614573Analyzed
2v2 RM · 1d ago on Oct 1, 2026· 22m 16s· 4 players
Game mode
Random Map
Map size
Medium (4 player)
Population
200
Speed
Normal
Resources
Standard
Victory
Conquest
Starting age
Dark Age
Ending age
Imperial Age
RankedLock teamsTeams togetherTeam positionsShared explorationLock speedFull tech treeHidden civsTurbo modeCheats
Victory
Defeat
🇦🇷 Hindustanis · Argentina
1530
+12
🇦🇷 Varangians · Argentina
1272
+22
🇮🇳 Saracens · India
1469
-19
🇳🇿 Chinese · New Zealand
1372
-15
VL marianinka
13:10 Feudal Age
14:34 Loom
17:18 Castle Age
16:28 Scale Barding Armor
17:15 Forging
20:13 Chain Barding Armor
22:32 Town Watch
VL Mano
4:31 Loom
13:11 Feudal Age
14:07 Double-Bit Axe
18:36 Scale Barding Armor
18:49 Forging
UncleRambo69
4:00 Loom
16:12 Feudal Age
17:21 Double-Bit Axe
20:32 Castle Age
20:38 Fletching
NewNormal
3:00 Loom
13:03 Feudal Age
14:16 Double-Bit Axe
15:14 Bloodlines
Connection lost

Rejoining the realm…

Still unreachable

The connection could not be restored.

Session expired

The server has moved on; the page needs a fresh start.